 Dungeon Crawl Stone Soup version 0.30-a0-172-gc5509c9e31 (webtiles) character file.

Game seed: 14421956145004440990

33334 qw the Cleaver (level 13, -3/84 HPs)
             Began as a Gargoyle Fighter on Oct 1, 2022.
             Slain by a four-headed hydra (7 damage)
             ... on level 4 of the Lair of Beasts.
             The game lasted 00:06:06 (15562 turns).

qw the Cleaver (Gargoyle Fighter)                  Turns: 15562, Time: 00:06:07

Health: -3/84      AC: 34    Str: 24    XL:     13   Next: 70%
Magic:  13/13      EV: 11    Int:  8    God:
Gold:   2272       SH: 12    Dex: 13    Spells: 12/12 levels left

rFire   . . .      SeeInvis +    j - +0 morningstar
rCold   . . .      Faith    .    u - +0 kite shield
rNeg    + . .      Spirit   .    r - +0 plate armour
rPois   inf        Reflect  .    e - +0 helmet
rElec   +          Harm     .    s - +0 cloak
rCorr   .          Rampage  .    f - +1 pair of gloves
Will    .....                    v - +2 pair of boots
Stlth   ..........               (no amulet)
HPRegen 0.34/turn                q - ring of see invisible
MPRegen 0.13/turn                i - +4 ring of evasion

@: no status effects
A: sickness immunity, AC +9, negative energy resistance 1, electricity
resistance, torment resistance 1, petrification resistance, agile 1, shaggy fur
1
a: no special abilities


You were on level 4 of the Lair of Beasts.
You visited 2 branches of the dungeon, and saw 15 of its levels.

You collected 2330 gold pieces.
You spent 58 gold pieces at shops.


Innate Abilities, Weirdness & Mutations

You are immune to sickness and miasma.
Your stone body is resilient. (AC +9)
You are immune to poison.
You resist negative energy. (rN+)
You are resistant to electric shocks. (rElec)
You are resistant to unholy torment.
You are immune to petrification.
You are agile. (Dex +4, Str/Int -1)
You are covered in fur. (AC +1)


   Skills:
 - Level 11.0 Fighting
 - Level 14.0 Axes
 - Level 3.2 Throwing
 - Level 11.0 Armour
 - Level 3.1 Dodging
 + Level 11.5 Shields


You had 12 spell levels left.
You didn't know any spells.
Your spell library was empty.

Inventory:

Hand Weapons
 j - a +0 morningstar (weapon)
 x - a +3 spectral war axe
Missiles
 h - 37 boomerangs (quivered)
Armour
 e - a +0 helmet (worn)
 f - a +1 pair of gloves (worn)
 r - a +0 plate armour (worn)
 s - a +0 cloak (worn)
 u - a +0 kite shield (worn)
 v - a +2 pair of boots (worn)
Jewellery
 i - a +4 ring of evasion (right hand)
 o - a ring of ice
 q - a ring of see invisible (left hand)
 w - a ring of ice
Scrolls
 a - 8 scrolls of identify
Potions
 b - a potion of attraction
 d - 7 potions of might
 l - 4 potions of curing
 m - 5 potions of mutation
 n - 6 potions of haste
 t - a potion of lignification

Dungeon Overview and Level Annotations

Branches:
Dungeon (11/15)            Temple (0/1) D:5            Lair (4/5) D:9
 Shoals (0/4) Lair:3       Spider (0/4) Lair:3          Orc (0/2) D:10
  Slime: Lair:4-5

Altars:
Cheibriados
Dithmenos
Fedhas
Hepliaklqana
Kikubaaqudgha
Ru
Trog
Vehumet
The Shining One

Shops:
D:2 :   D:4 [

Annotations:
D:3 3 runed translucent doors, qw's ghost, amateur GrFi
D:7 1 runed translucent door, Crazy Yiuf
D:8 3 runed translucent doors, 2 transporters, qw's ghost, novice GrFi
Lair:3 1 runed translucent door


Message History

The rime drake bites you but does no damage.
You closely miss the rime drake.
The rime drake is severely wounded.
You block the rime drake's attack.
You block the four-headed hydra's attack. x2
The four-headed hydra bites you.
The four-headed hydra bites you but does no damage.
You closely miss the rime drake.
The rime drake is severely wounded.
The rime drake breathes ice at you. The flash freeze hits you.
You are encased in ice.
The four-headed hydra bites you!
The four-headed hydra bites you but does no damage. x2
You block the four-headed hydra's attack.
You bludgeon the rime drake!!
You kill the rime drake!
The four-headed hydra bites you.
The four-headed hydra bites you but does no damage. x2
You block the four-headed hydra's attack.
15559 ||| Stepping ~*~*~tactically~*~*~ (outnumbered).
The basilisk attacks as you move away! You block the basilisk's attack.
The ice encasing you melts away.
The four-headed hydra bites you but does no damage. x2
The four-headed hydra barely misses you.
The four-headed hydra misses you. The basilisk bites you!
15560 ||| Stepping ~*~*~tactically~*~*~ (outnumbered).
You barely miss the four-headed hydra.
The four-headed hydra barely misses you.
You block the four-headed hydra's attack. x2
The four-headed hydra bites you but does no damage.
You block the basilisk's attack.
The four-headed hydra bites you but does no damage.
The four-headed hydra bites you.
The four-headed hydra bites you but does no damage.
The four-headed hydra bites you!
You puncture the four-headed hydra!
The four-headed hydra is lightly wounded.
The four-headed hydra bites you!
You die...

## .. ##.# ## .#
#.#.##.+#..
##........
#........777777
.+.......7lD@P7777.
#...>...r%lD..P.....
##.....kr777PP...7..
#........k77777777
#####...#.k#
#..k.lrr###
###+...D#...# ##
#....<...k..#
#.###...........#


You could see a five-headed hydra, a four-headed hydra, 2 basilisks, a rime
drake and 2 hell rats.

Vanquished Creatures
  A catoblepas (Lair:3)
  3 two-headed ogres
  3 boulder beetles
  Nergalle (D:11)
  Lodul (D:10)
  Pikel (D:8)
  A manticore (Lair:3)
  A cyclops (D:11)
  4 elephants (Lair:3)
  3 black mambas
  7 cane toads
  An unseen horror (D:11)
  A gargoyle (D:11)
  8 rime drakes
  6 komodo dragons
  Psyche (D:11)
  2 ice devils (Lair:2)
  2 polar bears (D:11)
  6 hornets (Lair:2)
  A snapping turtle (Lair:3)
  15 blink frogs
  9 wyverns
  2 shadows
  8 basilisks
  13 yaks
  A redback (Lair:3)
  2 hell hounds (Lair:3)
  13 water moccasins
  An acid dragon (D:9)
  9 orc warriors
  3 black bears
  9 ogres
  2 sky beasts (D:7)
  11 wolves
  4 centaurs
  2 lemures (D:8)
  A phantom (D:5)
  2 kobold brigands
  7 bullfrogs
  5 gnoll sergeants
  2 necrophages
  5 scorpions
  7 killer bees
  4 howler monkeys
  An electric eel (Lair:3)
  10 hounds
  A jelly (D:6)
  3 gnoll boudas
  7 orc priests
  3 iguanas
  8 orc wizards
  14 hell rats
  36 gnolls
  5 adders
  4 white imps
  2 ufetubi
  5 worms
  5 dart slugs
  71 orcs
  7 endoplasms
  2 giant cockroaches (D:1)
  4 goblins
  4 hobgoblins
  15 jackals
  11 kobolds
  4 quokkas
  4 ball pythons
  8 bats
  2 frilled lizards
  4 rats
431 creatures vanquished.

Vanquished Creatures (others)
  2 bushes (Lair:4)
  14 fungi
  48 plants
64 creatures vanquished.

Grand Total: 495 creatures vanquished

Notes
Turn   | Place    | Note
-------+----------+-------------------------------------------
     0 | D:1      | qw the Gargoyle Fighter began the quest for the Orb.
     0 | D:1      | Reached XP level 1. HP: 14/14 MP: 1/1
     0 | D:1      | 0 ||| qw: Version: 0.2-a-13-gfc7b4b4
     0 | D:1      | 0 ||| qw: Game counter: 1783
     0 | D:1      | 0 ||| qw: Always use a shield: true
     0 | D:1      | 0 ||| qw: God list: Okawaru
     0 | D:1      | 0 ||| qw: Allow faded altars: false
     0 | D:1      | 0 ||| qw: Do Orc after D:15 true
     0 | D:1      | 0 ||| qw: Do second Lair branch before Depths: true
     0 | D:1      | 0 ||| qw: Lair rune preference: random
     0 | D:1      | 0 ||| qw: Plans: Normal, Zot:1-4, God:TSO, Crypt, Tomb,
                  | Pan, Slime:5, Hells, Abyss, Orb
     0 | D:1      | 0 ||| PLANNING D:1-11
   147 | D:1      | Reached skill level 2 in Axes
   245 | D:1      | 245 ||| Stepping randomly (stuck).
   246 | D:1      | 246 ||| Stepping randomly (stuck).
   248 | D:1      | 248 ||| Stepping randomly (stuck).
   250 | D:1      | 250 ||| Stepping randomly (stuck).
   252 | D:1      | 252 ||| Stepping randomly (stuck).
   259 | D:1      | 259 ||| READING scroll labelled MAMEUW RAGOPS.
   260 | D:1      | 260 ||| Stepping randomly (stuck).
   304 | D:1      | HP: 2/14 [frozen (2)]
   306 | D:1      | Reached XP level 2. HP: 3/19 MP: 2/2
   572 | D:1      | Found a faded altar of an unknown god.
   751 | D:1      | 751 ||| Stepping ~*~*~tactically~*~*~ (hiding).
   758 | D:1      | Reached skill level 3 in Axes
   758 | D:1      | 758 ||| Stepping ~*~*~tactically~*~*~ (hiding).
   764 | D:1      | Reached XP level 3. HP: 14/23 MP: 3/3
  1204 | D:1      | 1204 ||| READING 2 scrolls labelled BEDUANONLU.
  1205 | D:1      | 1205 ||| READING scroll labelled KEDGHIR XADOE.
  1354 | D:2      | 1354 ||| Stepping ~*~*~tactically~*~*~ (stealth).
  1366 | D:2      | 1366 ||| Stepping ~*~*~tactically~*~*~ (stealth).
  1377 | D:2      | 1377 ||| Stepping ~*~*~tactically~*~*~ (hiding).
  1685 | D:2      | Reached XP level 4. HP: 28/28 MP: 4/4
  1778 | D:2      | 1778 ||| DROPPING +0 club.
  1825 | D:2      | Found Korasch's Book Boutique.
  1828 | D:2      | 1828 ||| UPGRADING to +0 chain mail.
  1838 | D:2      | 1838 ||| DROPPING +0 scale mail.
  1839 | D:2      | 1839 ||| READING scroll labelled CIOXUO BUUJ.
  1840 | D:2      | 1840 ||| READING scroll labelled VICAVUMUSU.
  1841 | D:2      | 1841 ||| DRINKING 2 sedimented silvery potions.
  1841 | D:2      | Gained mutation: You are clumsy. (Dex -2) [potion of
                  | mutation]
  1841 | D:2      | Lost mutation: You are clumsy. (Dex -2) [potion of
                  | mutation]
  1841 | D:2      | Gained mutation: You are agile. (Dex +4, Str/Int -1)
                  | [potion of mutation]
  1841 | D:2      | Gained mutation: You are covered in fur. (AC +1) [potion of
                  | mutation]
  1842 | D:2      | 1842 ||| READING 3 scrolls of identify.
  1842 | D:2      | 1842 ||| IDENTIFYING sapphire potion
  1843 | D:2      | 1843 ||| READING 2 scrolls of identify.
  1843 | D:2      | 1843 ||| IDENTIFYING fuming orange potion
  1844 | D:2      | 1844 ||| DROPPING potion of brilliance.
  1845 | D:2      | 1845 ||| DROPPING potion of berserk rage.
  1874 | D:3      | Noticed a scorpion
  1880 | D:3      | Killed a scorpion
  1881 | D:3      | Reached skill level 4 in Axes
  1881 | D:3      | Reached XP level 5. HP: 25/32 MP: 5/5
  2024 | D:3      | Found a glowing golden altar of the Shining One.
  2069 | D:3      | 2069 ||| READING scroll of enchant weapon.
  2069 | D:3      | 2069 ||| ENCHANTING +1 war axe.
  2085 | D:3      | 2085 ||| Stepping ~*~*~tactically~*~*~ (hiding).
  2159 | D:3      | Found a runed translucent gate.
  2160 | D:3      | Found a runed translucent gate.
  2161 | D:3      | Found a runed translucent gate.
  2161 | D:3      | Noticed qw's ghost (amateur GrFi)
  2162 | D:3      | Noticed a kobold brigand
  2406 | D:3      | Reached skill level 5 in Axes
  2545 | D:3      | 2545 ||| Stepping ~*~*~tactically~*~*~ (hiding).
  2553 | D:3      | Reached skill level 1 in Dodging
  3209 | D:3      | 3209 ||| UPGRADING to +0 helmet.
  3214 | D:3      | 3214 ||| UPGRADING to +0 pair of gloves.
  3219 | D:3      | 3219 ||| READING scroll labelled CEOPLY ZENLOFO.
  3314 | D:3      | 3314 ||| DRINKING 4 fizzy red potions.
  3315 | D:3      | 3315 ||| READING 2 scrolls of identify.
  3315 | D:3      | 3315 ||| IDENTIFYING fuming black potion
  3358 | D:4      | Found Meofuow's Armour Shop.
  3365 | D:4      | 3365 ||| BUYING +0 pair of boots (58 gold).
  3365 | D:4      | Bought a +0 pair of boots for 58 gold pieces
  3365 | D:4      | 3365 ||| SHOPLISTING +2 gold dragon scales (1196 gold, have
                  | 119).
  3365 | D:4      | 3365 ||| SHOPLISTING +2 pair of boots of flying (279 gold,
                  | have 119).
  3365 | D:4      | 3365 ||| SHOPLISTING +7 crystal plate armour of Complete
                  | Protection {rC+ Dex+2} (1587 gold, have 119).
  3407 | D:4      | 3407 ||| Stepping ~*~*~tactically~*~*~ (stealth).
  3412 | D:4      | 3412 ||| Stepping ~*~*~tactically~*~*~ (stealth).
  3414 | D:4      | 3414 ||| Stepping ~*~*~tactically~*~*~ (stealth).
  3421 | D:4      | 3421 ||| Stepping ~*~*~tactically~*~*~ (stealth).
  3431 | D:4      | 3431 ||| Stepping ~*~*~tactically~*~*~ (stealth).
  3435 | D:4      | 3435 ||| Stepping ~*~*~tactically~*~*~ (stealth).
  3456 | D:4      | 3456 ||| Stepping ~*~*~tactically~*~*~ (stealth).
  3470 | D:4      | 3470 ||| DROPPING +0 whip.
  3509 | D:4      | Reached XP level 6. HP: 32/38 MP: 6/6
  3561 | D:4      | 3561 ||| Stepping ~*~*~tactically~*~*~ (stealth).
  3562 | D:4      | 3562 ||| Stepping ~*~*~tactically~*~*~ (stealth).
  3571 | D:4      | 3571 ||| Stepping ~*~*~tactically~*~*~ (stealth).
  3572 | D:4      | 3572 ||| Stepping ~*~*~tactically~*~*~ (stealth).
  3573 | D:4      | 3573 ||| Stepping ~*~*~tactically~*~*~ (stealth).
  3574 | D:4      | 3574 ||| Stepping ~*~*~tactically~*~*~ (stealth).
  3638 | D:4      | 3638 ||| Stepping ~*~*~tactically~*~*~ (hiding).
  3730 | D:4      | Noticed an orc warrior
  3738 | D:4      | Killed an orc warrior
  3739 | D:4      | Reached skill level 6 in Axes
  3739 | D:4      | Reached XP level 7. HP: 32/43 MP: 7/7
  3879 | D:4      | 3879 ||| FLEEEEING.
  3880 | D:4      | 3880 ||| FLEEEEING.
  3959 | D:4      | Found a sacrificial altar of Ru.
  4211 | D:4      | 4211 ||| UPGRADING to +0 pair of boots.
  4216 | D:4      | 4216 ||| UPGRADING to +0 plate armour.
  4226 | D:4      | 4226 ||| DROPPING +0 chain mail.
  4227 | D:4      | 4227 ||| DROPPING ring of magical power.
  4228 | D:4      | 4228 ||| READING scroll labelled VIYR WOBOF.
  4238 | D:5      | Entered Level 5 of the Dungeon
  4412 | D:5      | Found a staircase to the Ecumenical Temple.
  4442 | D:5      | 4442 ||| Stepping ~*~*~tactically~*~*~ (hiding).
  4451 | D:5      | HP: 7/43 [orc priest/divine providence (12)]
  4452 | D:5      | 4452 ||| DRINKING 3 potions of heal wounds.
  4455 | D:5      | Reached skill level 7 in Axes
  4457 | D:5      | 4457 ||| FLEEEEING.
  4458 | D:5      | 4458 ||| FLEEEEING.
  4459 | D:5      | 4459 ||| FLEEEEING.
  4461 | D:5      | 4461 ||| FLEEEEING.
  4462 | D:5      | 4462 ||| FLEEEEING.
  4463 | D:5      | 4463 ||| FLEEEEING.
  4609 | D:5      | 4609 ||| Stepping ~*~*~tactically~*~*~ (stealth).
  4610 | D:5      | 4610 ||| Stepping ~*~*~tactically~*~*~ (stealth).
  4612 | D:5      | 4612 ||| Stepping ~*~*~tactically~*~*~ (stealth).
  4679 | D:5      | 4679 ||| Stepping ~*~*~tactically~*~*~ (stealth).
  4685 | D:5      | 4685 ||| Stepping ~*~*~tactically~*~*~ (hiding).
  4691 | D:5      | Reached skill level 1 in Throwing
  4693 | D:5      | Reached XP level 8. HP: 28/48 MP: 8/8
  4839 | D:5      | 4839 ||| Stepping ~*~*~tactically~*~*~ (stealth).
  4978 | D:5      | Found a radiant altar of Vehumet.
  5224 | D:5      | 5224 ||| DROPPING orb of wrath.
  5225 | D:5      | 5225 ||| READING 2 scrolls labelled BUYSUR HAAHO.
  5226 | D:5      | 5226 ||| READING scroll labelled YWODOR DEILI.
  5227 | D:5      | 5227 ||| READING scroll labelled QAEGOMA RERHUH.
  5228 | D:5      | 5228 ||| READING scroll labelled GOIXTA TYRIRICK.
  5228 | D:5      | Identified a scroll of acquirement
  5228 | D:5      | 5228 ||| ACQUIRING 821 gold pieces
  5228 | D:5      | Acquired 821 gold pieces
  5230 | D:5      | 5230 ||| READING scroll labelled LENEENY RIVUA.
  5231 | D:5      | 5231 ||| DRINKING 2 viscous ruby potions.
  5232 | D:5      | 5232 ||| READING 2 scrolls of identify.
  5232 | D:5      | 5232 ||| IDENTIFYING green potion
  5233 | D:5      | 5233 ||| DROPPING scroll of magic mapping.
  5234 | D:5      | 5234 ||| DROPPING potion of ambrosia.
  5235 | D:5      | 5235 ||| DROPPING potion of degeneration.
  5411 | D:6      | 5411 ||| FLEEEEING.
  5412 | D:6      | 5412 ||| FLEEEEING.
  5413 | D:6      | 5413 ||| FLEEEEING.
  5414 | D:6      | 5414 ||| FLEEEEING.
  5415 | D:6      | 5415 ||| FLEEEEING.
  5416 | D:6      | 5416 ||| FLEEEEING.
  5417 | D:6      | 5417 ||| FLEEEEING.
  5418 | D:6      | 5418 ||| FLEEEEING.
  5419 | D:6      | 5419 ||| FLEEEEING.
  5420 | D:6      | 5420 ||| FLEEEEING.
  5421 | D:6      | 5421 ||| FLEEEEING.
  5422 | D:6      | 5422 ||| FLEEEEING.
  5423 | D:6      | 5423 ||| Stepping ~*~*~tactically~*~*~ (stealth).
  5428 | D:6      | 5428 ||| FLEEEEING.
  5429 | D:6      | 5429 ||| FLEEEEING.
  5430 | D:6      | 5430 ||| FLEEEEING.
  5431 | D:6      | 5431 ||| STAIRDANCE
  5502 | D:6      | Found a blossoming altar of Fedhas.
  5519 | D:6      | 5519 ||| Stepping ~*~*~tactically~*~*~ (stealth).
  5521 | D:6      | 5521 ||| Stepping ~*~*~tactically~*~*~ (stealth).
  5614 | D:6      | Reached skill level 8 in Axes
  5619 | D:6      | 5619 ||| Stepping ~*~*~tactically~*~*~ (stealth).
  5631 | D:6      | 5631 ||| Stepping ~*~*~tactically~*~*~ (stealth).
  5632 | D:6      | 5632 ||| Stepping ~*~*~tactically~*~*~ (stealth).
  5637 | D:6      | 5637 ||| DROPPING +0 flail.
  5922 | D:6      | 5922 ||| DRINKING 2 fuming cyan potions.
  5923 | D:6      | 5923 ||| DRINKING 3 viscous green potions.
  5924 | D:6      | 5924 ||| READING 2 scrolls of identify.
  5924 | D:6      | 5924 ||| IDENTIFYING blue potion
  5925 | D:6      | 5925 ||| DROPPING potion of magic.
  6059 | D:7      | Reached skill level 6 in Fighting
  6059 | D:7      | Reached XP level 9. HP: 29/55 MP: 9/9
  6061 | D:7      | 6061 ||| FLEEEEING.
  6062 | D:7      | 6062 ||| FLEEEEING.
  6063 | D:7      | 6063 ||| FLEEEEING.
  6064 | D:7      | 6064 ||| FLEEEEING.
  6065 | D:7      | 6065 ||| FLEEEEING.
  6066 | D:7      | 6066 ||| FLEEEEING.
  6067 | D:7      | 6067 ||| FLEEEEING.
  6068 | D:7      | 6068 ||| FLEEEEING.
  6069 | D:7      | 6069 ||| FLEEEEING.
  6070 | D:7      | 6070 ||| FLEEEEING.
  6071 | D:7      | 6071 ||| FLEEEEING.
  6072 | D:7      | 6072 ||| FLEEEEING.
  6073 | D:7      | 6073 ||| FLEEEEING.
  6074 | D:7      | 6074 ||| FLEEEEING.
  6075 | D:7      | 6075 ||| FLEEEEING.
  6076 | D:7      | 6076 ||| FLEEEEING.
  6077 | D:7      | 6077 ||| STAIRDANCE
  6195 | D:7      | 6195 ||| Stepping ~*~*~tactically~*~*~ (stealth).
  6197 | D:7      | 6197 ||| Stepping ~*~*~tactically~*~*~ (hiding).
  6205 | D:7      | 6205 ||| Stepping ~*~*~tactically~*~*~ (hiding).
  6207 | D:7      | 6207 ||| Stepping ~*~*~tactically~*~*~ (hiding).
  6230 | D:7      | 6230 ||| Stepping ~*~*~tactically~*~*~ (hiding).
  6240 | D:7      | Reached skill level 9 in Axes
  6242 | D:7      | 6242 ||| FLEEEEING.
  6243 | D:7      | 6243 ||| Stepping ~*~*~tactically~*~*~ (stealth).
  6244 | D:7      | 6244 ||| FLEEEEING.
  6245 | D:7      | 6245 ||| Stepping ~*~*~tactically~*~*~ (hiding).
  6249 | D:7      | HP: 13/55 [orc warrior/+0 halberd (8)]
  6250 | D:7      | 6250 ||| DRINKING 2 potions of heal wounds.
  6254 | D:7      | Reached skill level 6 in Armour
  6341 | D:7      | 6341 ||| Stepping ~*~*~tactically~*~*~ (stealth).
  6342 | D:7      | 6342 ||| Stepping ~*~*~tactically~*~*~ (stealth).
  6383 | D:7      | 6383 ||| Stepping ~*~*~tactically~*~*~ (stealth).
  6384 | D:7      | 6384 ||| Stepping ~*~*~tactically~*~*~ (stealth).
  6386 | D:7      | 6386 ||| Stepping ~*~*~tactically~*~*~ (stealth).
  6518 | D:7      | 6518 ||| Stepping ~*~*~tactically~*~*~ (stealth).
  6522 | D:7      | 6522 ||| Stepping ~*~*~tactically~*~*~ (stealth).
  6591 | D:7      | 6591 ||| FLEEEEING.
  6592 | D:7      | 6592 ||| FLEEEEING.
  6593 | D:7      | 6593 ||| FLEEEEING.
  6594 | D:7      | 6594 ||| FLEEEEING.
  6595 | D:7      | 6595 ||| FLEEEEING.
  6596 | D:7      | 6596 ||| FLEEEEING.
  6597 | D:7      | 6597 ||| FLEEEEING.
  6598 | D:7      | 6598 ||| STAIRDANCE
  6641 | D:6      | 6641 ||| UPGRADING to +0 cloak.
  6646 | D:6      | 6646 ||| UPGRADING to ring of see invisible.
  6647 | D:6      | 6647 ||| READING scroll labelled GAT WIONUBITY.
  6765 | D:7      | Reached XP level 10. HP: 25/63 MP: 10/10
  6777 | D:7      | 6777 ||| FLEEEEING.
  6830 | D:7      | 6830 ||| FLEEEEING.
  6831 | D:7      | 6831 ||| FLEEEEING.
  6832 | D:7      | 6832 ||| FLEEEEING.
  6833 | D:7      | 6833 ||| FLEEEEING.
  6834 | D:7      | 6834 ||| FLEEEEING.
  6835 | D:7      | 6835 ||| FLEEEEING.
  6836 | D:7      | 6836 ||| FLEEEEING.
  6837 | D:7      | 6837 ||| FLEEEEING.
  6838 | D:7      | 6838 ||| FLEEEEING.
  6839 | D:7      | 6839 ||| FLEEEEING.
  6840 | D:7      | 6840 ||| FLEEEEING.
  6841 | D:7      | 6841 ||| FLEEEEING.
  6842 | D:7      | 6842 ||| FLEEEEING.
  6843 | D:7      | 6843 ||| FLEEEEING.
  6844 | D:7      | 6844 ||| FLEEEEING.
  6845 | D:7      | 6845 ||| FLEEEEING.
  6846 | D:7      | 6846 ||| FLEEEEING.
  6847 | D:7      | 6847 ||| FLEEEEING.
  6848 | D:7      | 6848 ||| FLEEEEING.
  6849 | D:7      | 6849 ||| FLEEEEING.
  6850 | D:7      | 6850 ||| FLEEEEING.
  6851 | D:7      | 6851 ||| FLEEEEING.
  6852 | D:7      | 6852 ||| FLEEEEING.
  6853 | D:7      | 6853 ||| STAIRDANCE
  6935 | D:7      | 6935 ||| Stepping ~*~*~tactically~*~*~ (stealth).
  6955 | D:7      | 6955 ||| Stepping ~*~*~tactically~*~*~ (stealth).
  6981 | D:7      | Found a runed translucent door.
  6982 | D:7      | Noticed Crazy Yiuf
  7249 | D:7      | 7249 ||| UPGRADING to +4 ring of evasion.
  7250 | D:7      | 7250 ||| DRINKING 2 glowing brown potions.
  7306 | D:8      | Reached skill level 10 in Axes
  7371 | D:8      | Noticed qw's ghost (novice GrFi)
  7376 | D:8      | 7376 ||| Stepping ~*~*~tactically~*~*~ (stealth).
  7380 | D:8      | 7380 ||| Stepping ~*~*~tactically~*~*~ (hiding).
  7396 | D:8      | 7396 ||| FLEEEEING.
  7397 | D:8      | 7397 ||| FLEEEEING.
  7398 | D:8      | 7398 ||| FLEEEEING.
  7399 | D:8      | 7399 ||| FLEEEEING.
  7400 | D:8      | 7400 ||| FLEEEEING.
  7402 | D:8      | 7402 ||| FLEEEEING.
  7403 | D:8      | 7403 ||| FLEEEEING.
  7404 | D:8      | 7404 ||| FLEEEEING.
  7405 | D:8      | 7405 ||| FLEEEEING.
  7406 | D:8      | 7406 ||| FLEEEEING.
  7407 | D:8      | 7407 ||| FLEEEEING.
  7408 | D:8      | 7408 ||| FLEEEEING.
  7409 | D:8      | 7409 ||| FLEEEEING.
  7410 | D:8      | 7410 ||| FLEEEEING.
  7411 | D:8      | 7411 ||| FLEEEEING.
  7456 | D:8      | Found a runed translucent gate.
  7456 | D:8      | Found a runed translucent gate.
  7507 | D:8      | Found a runed translucent gate.
  7561 | D:8      | 7561 ||| Stepping ~*~*~tactically~*~*~ (stealth).
  7650 | D:8      | 7650 ||| Stepping ~*~*~tactically~*~*~ (hiding).
  7656 | D:8      | 7656 ||| Stepping ~*~*~tactically~*~*~ (hiding).
  7784 | D:8      | Noticed Pikel
  7805 | D:8      | Killed Pikel
  7832 | D:8      | Found a transporter.
  7914 | D:8      | 7914 ||| Stepping ~*~*~tactically~*~*~ (stealth).
  7934 | D:8      | 7934 ||| Stepping ~*~*~tactically~*~*~ (stealth).
  7993 | D:8      | 7993 ||| READING scroll of enchant weapon.
  7993 | D:8      | 7993 ||| ENCHANTING +2 spectral war axe.
  8135 | D:8      | Found a transporter.
  8174 | D:8      | 8174 ||| READING scroll labelled YCWYRERONE.
  8248 | D:9      | Found a staircase to the Lair.
  8262 | D:9      | Found a hazy altar of Hepliaklqana.
  8299 | D:9      | Found a snail-covered altar of Cheibriados.
  8301 | D:9      | 8301 ||| Stepping ~*~*~tactically~*~*~ (stealth).
  8301 | D:9      | Found an ancient bone altar of Kikubaaqudgha.
  8391 | D:9      | 8391 ||| Stepping ~*~*~tactically~*~*~ (hiding).
  8400 | D:9      | Reached skill level 3 in Throwing
  8408 | D:9      | Found a shadowy altar of Dithmenos.
  8411 | D:9      | 8411 ||| Stepping ~*~*~tactically~*~*~ (stealth).
  8415 | D:9      | 8415 ||| Stepping ~*~*~tactically~*~*~ (stealth).
  8420 | D:9      | 8420 ||| FLEEEEING.
  8420 | D:9      | Noticed a two-headed ogre
  8421 | D:9      | 8421 ||| Stepping ~*~*~tactically~*~*~ (hiding).
  8432 | D:9      | Killed a two-headed ogre
  8740 | D:9      | 8740 ||| Stepping ~*~*~tactically~*~*~ (hiding).
  8746 | D:9      | 8746 ||| Stepping ~*~*~tactically~*~*~ (hiding).
  9028 | D:9      | 9028 ||| UPGRADING to +2 pair of boots.
  9038 | D:9      | 9038 ||| DROPPING +0 pair of boots.
  9064 | D:10     | Entered Level 10 of the Dungeon
  9266 | D:10     | 9266 ||| Stepping ~*~*~tactically~*~*~ (stealth).
  9269 | D:10     | Found a staircase to the Orcish Mines.
  9271 | D:10     | 9271 ||| Stepping ~*~*~tactically~*~*~ (hiding).
  9297 | D:10     | 9297 ||| Stepping ~*~*~tactically~*~*~ (stealth).
  9300 | D:10     | 9300 ||| Stepping ~*~*~tactically~*~*~ (stealth).
  9306 | D:10     | 9306 ||| Stepping ~*~*~tactically~*~*~ (hiding).
  9313 | D:10     | Reached XP level 11. HP: 69/69 MP: 11/11
  9845 | D:10     | 9845 ||| Stepping ~*~*~tactically~*~*~ (stealth).
  9855 | D:10     | Noticed Lodul
  9856 | D:10     | 9856 ||| Stepping ~*~*~tactically~*~*~ (hiding).
  9873 | D:10     | HP: 15/69 [Lodul/+0 dire flail (16)]
  9874 | D:10     | 9874 ||| READING 2 scrolls of teleportation.
  9875 | D:10     | 9875 ||| DRINKING 2 potions of heal wounds.
  9876 | D:10     | Killed Lodul
  9877 | D:10     | Reached skill level 11 in Axes
 10117 | D:10     | 10117 ||| DROPPING +6 ring of intelligence.
 10121 | D:10     | 10121 ||| READING scroll of teleportation.
 10147 | D:10     | 10147 ||| Stepping ~*~*~tactically~*~*~ (stealth).
 10306 | D:11     | Noticed Nergalle
 10321 | D:11     | Killed Nergalle
 10322 | D:11     | Reached skill level 9 in Fighting
 10426 | D:11     | Noticed a cyclops
 10431 | D:11     | Reached skill level 9 in Armour
 10438 | D:11     | Killed a cyclops
 10703 | D:11     | 10703 ||| Stepping ~*~*~tactically~*~*~ (stealth).
 10746 | D:11     | Noticed a boulder beetle
 10747 | D:11     | 10747 ||| Stepping ~*~*~tactically~*~*~ (hiding).
 10750 | D:11     | 10750 ||| Stepping ~*~*~tactically~*~*~ (hiding).
 10753 | D:11     | Noticed a two-headed ogre
 10767 | D:11     | Killed a two-headed ogre
 10768 | D:11     | Reached skill level 12 in Axes
 10773 | D:11     | Killed a boulder beetle
 10774 | D:11     | Reached skill level 6 in Shields
 11029 | D:11     | Noticed a two-headed ogre
 11035 | D:11     | Killed a two-headed ogre
 11090 | D:11     | Noticed Psyche
 11097 | D:11     | Killed Psyche
 11125 | D:11     | Found a bloodstained altar of Trog.
 11407 | D:11     | 11407 ||| PLANNING LAIR
 11407 | D:11     | 11407 ||| UPGRADING to +0 kite shield.
 11417 | D:11     | 11417 ||| DROPPING +0 buckler.
 11418 | D:11     | 11418 ||| READING scroll labelled GYSIFFEQECW.
 11520 | Lair:1   | Entered Level 1 of the Lair of Beasts
 11661 | Lair:1   | Reached XP level 12. HP: 67/77 MP: 12/12
 11791 | Lair:1   | 11791 ||| Stepping ~*~*~tactically~*~*~ (stealth).
 11798 | Lair:1   | 11798 ||| Stepping ~*~*~tactically~*~*~ (stealth).
 11837 | Lair:1   | 11837 ||| Stepping ~*~*~tactically~*~*~ (stealth).
 11864 | Lair:1   | 11864 ||| Stepping ~*~*~tactically~*~*~ (stealth).
 11866 | Lair:1   | 11866 ||| Stepping ~*~*~tactically~*~*~ (stealth).
 11886 | Lair:1   | Reached skill level 9 in Shields
 12466 | Lair:2   | Noticed a boulder beetle
 12489 | Lair:2   | Killed a boulder beetle
 13069 | Lair:2   | 13069 ||| Stepping ~*~*~tactically~*~*~ (stealth).
 13202 | Lair:2   | You fall into a shaft and drop 1 floor!
 13228 | Lair:3   | 13228 ||| Stepping ~*~*~tactically~*~*~ (water).
 13396 | Lair:3   | Found a hole to the Spider Nest.
 13407 | Lair:3   | 13407 ||| Stepping ~*~*~tactically~*~*~ (stealth).
 13454 | Lair:3   | 13454 ||| DROPPING amulet of faith.
 13459 | Lair:3   | 13459 ||| Stepping ~*~*~tactically~*~*~ (stealth).
 13464 | Lair:3   | 13464 ||| Stepping ~*~*~tactically~*~*~ (stealth).
 13470 | Lair:3   | 13470 ||| Stepping ~*~*~tactically~*~*~ (stealth).
 13479 | Lair:3   | 13479 ||| Stepping ~*~*~tactically~*~*~ (stealth).
 13480 | Lair:3   | 13480 ||| FLEEEEING.
 13482 | Lair:3   | 13482 ||| Stepping ~*~*~tactically~*~*~ (hiding).
 13486 | Lair:3   | Reached skill level 13 in Axes
 13493 | Lair:3   | Reached XP level 13. HP: 76/82 MP: 13/13
 13496 | Lair:3   | Reached skill level 3 in Dodging
 13558 | Lair:2   | 13558 ||| Stepping ~*~*~tactically~*~*~ (stealth).
 14101 | Lair:3   | 14101 ||| STAIRDANCE
 14107 | Lair:3   | 14107 ||| STAIRDANCE
 14186 | Lair:3   | Reached skill level 14 in Axes
 14228 | Lair:3   | Found a runed translucent door.
 14588 | Lair:3   | 14588 ||| Stepping ~*~*~tactically~*~*~ (hiding).
 14644 | Lair:3   | HP: 18/84 [basilisk (13)]
 14644 | Lair:3   | HP: 3/84 [hell rat (13)]
 14645 | Lair:3   | 14645 ||| READING scroll of teleportation.
 14646 | Lair:3   | 14646 ||| DRINKING potion of heal wounds.
 14649 | Lair:3   | HP: 8/84 [wyvern (4)]
 14909 | Lair:3   | Found a staircase to the Shoals.
 14960 | Lair:3   | 14960 ||| Stepping ~*~*~tactically~*~*~ (stealth).
 14974 | Lair:3   | 14974 ||| Stepping ~*~*~tactically~*~*~ (stealth).
 15088 | Lair:3   | 15088 ||| Stepping ~*~*~tactically~*~*~ (hiding).
 15098 | Lair:3   | 15098 ||| Stepping ~*~*~tactically~*~*~ (stealth).
 15124 | Lair:3   | 15124 ||| READING scroll of enchant armour.
 15124 | Lair:3   | 15124 ||| ENCHANTING +0 pair of gloves.
 15203 | Lair:3   | 15203 ||| Stepping ~*~*~tactically~*~*~ (stealth).
 15244 | Lair:3   | 15244 ||| Stepping ~*~*~tactically~*~*~ (stealth).
 15510 | Lair:4   | 15510 ||| SWAPPING to +0 morningstar.
 15513 | Lair:4   | 15513 ||| Stepping ~*~*~tactically~*~*~ (outnumbered).
 15514 | Lair:4   | 15514 ||| Stepping ~*~*~tactically~*~*~ (outnumbered).
 15515 | Lair:4   | 15515 ||| Stepping ~*~*~tactically~*~*~ (outnumbered).
 15517 | Lair:4   | 15517 ||| Stepping ~*~*~tactically~*~*~ (outnumbered).
 15519 | Lair:4   | 15519 ||| SWAPPING to +3 spectral war axe.
 15521 | Lair:4   | 15521 ||| SWAPPING to +0 morningstar.
 15524 | Lair:4   | 15524 ||| Stepping ~*~*~tactically~*~*~ (outnumbered).
 15526 | Lair:4   | 15526 ||| Stepping ~*~*~tactically~*~*~ (outnumbered).
 15527 | Lair:4   | 15527 ||| Stepping ~*~*~tactically~*~*~ (outnumbered).
 15528 | Lair:4   | 15528 ||| Stepping ~*~*~tactically~*~*~ (outnumbered).
 15530 | Lair:4   | 15530 ||| Stepping ~*~*~tactically~*~*~ (outnumbered).
 15531 | Lair:4   | 15531 ||| Stepping ~*~*~tactically~*~*~ (outnumbered).
 15532 | Lair:4   | 15532 ||| Stepping ~*~*~tactically~*~*~ (outnumbered).
 15534 | Lair:4   | 15534 ||| Stepping ~*~*~tactically~*~*~ (outnumbered).
 15535 | Lair:4   | 15535 ||| Stepping ~*~*~tactically~*~*~ (outnumbered).
 15536 | Lair:4   | 15536 ||| Stepping ~*~*~tactically~*~*~ (outnumbered).
 15538 | Lair:4   | 15538 ||| Stepping ~*~*~tactically~*~*~ (outnumbered).
 15539 | Lair:4   | 15539 ||| SWAPPING to +3 spectral war axe.
 15546 | Lair:4   | 15546 ||| SWAPPING to +0 morningstar.
 15559 | Lair:4   | 15559 ||| Stepping ~*~*~tactically~*~*~ (outnumbered).
 15559 | Lair:4   | HP: 13/84 [basilisk (13)]
 15560 | Lair:4   | 15560 ||| Stepping ~*~*~tactically~*~*~ (outnumbered).
 15561 | Lair:4   | HP: 4/84 [four-headed hydra (9)]
 15562 | Lair:4   | Slain by a four-headed hydra

Levels and vault maps discovered:
D:1:      beargit_arrival_greenhouse, layout_loops_corners,
          shapermc_ecumenical_altar_starsandcircs, serial_co_window_serial,
          co_window_paths_a, co_window_paths_b, co_window_paths_a,
          co_window_of_opportunity_a, co_window_paths_a,
          co_window_of_opportunity_a, co_window_paths_b, co_window_corner_b,
          co_window_broadway_c, co_window_corner_b, co_window_paths_d,
          glass_columns_b
D:2:      layout_basic, serial_shops, shop
D:3:      wad_crossroads, layout_basic, nicolae_overflow_crystal_walls,
          gammafunk_ghost_nasty_kobolds, st_stairs_5, patterned_corridor
D:4:      layout_cave_pools, lemuel_tele_altar, serial_shops,
          nicolae_shop_advertising_works [nicolae_subvault_shop_adworks],
          guppyfry_early_orc_mine
D:5:      kennysheep_six_static_rooms, layout_basic,
          lemuel_coloured_pillars_altar, temple_statues
D:6:      layout_cave_pools, mainiacjoe_overflow_catwalk,
          chequers_decorated_corner
D:7:      layout_cave_pools, serial_gnoll_camp, gnoll_camp_huts_moat,
          gnoll_camp_mini_basic, gnoll_camp_mini_hut, gnoll_camp_mini_doghouse,
          gnoll_camp_mini_loothouse, minmay_fractal_squares_diagonal_5,
          uniq_crazy_yiuf_cottage
D:8:      gammafunk_cloud_chamber, layout_loops_ring, gammafunk_ghost_split,
          uniq_pikel
D:9:      layout_loops_ring, worldfamousw_hep_ancestral_shrine,
          chequers_temple_overflow_statue_of_worship,
          nicolae_dithmenos_shadow_blocks, lair_entry_dummy
D:10:     layout_loops_ring, david_orc_2, serial_co_window_serial,
          co_window_paths_b, co_window_paths_b, co_window_paths_a,
          co_window_paths_a, co_window_corner_a, co_window_unsneaky_path_e,
          co_window_unsneaky_path_a, co_window_2corner,
          co_window_unsneaky_path_c, co_window_unsneaky_path_a,
          co_window_paths_c, co_window_4corner_a, glass_columns_a,
          glass_columns_a, uniq_lodul
D:11:     layout_layer_cave, small_statue_intersection, grunt_ministairs_15,
          trog_ov_bears_minmay, uniq_nergalle, uniq_psyche
Lair:1:   layout_roguey, nicolae_lair_grove_arrangements, serial_bayou_shore_a,
          serial_bayou_shore_b
Lair:2:   layout_regular_city, portal_ice_cave_demonic_guard,
          dreamdust_wasp_nest, grunt_megastairs_2, infiniplex_staircase_pool_2
Lair:3:   gammafunk_indiana_jones, layout_small_grid, minmay_shoals_entry_hut,
          spider_nest_entry_webs, enter_volcano_3, special_room
          [special_room_mythical_zoo], serial_bayou_shore_b
Lair:4:   layout_roguey [special_room_mythical_zoo], dpeg_slime_entry_enclosed,
          nzn_ghost_randoct, serial_forest, infiniplex_forest_lined_ring,
          infiniplex_forest_zigzag_1, infiniplex_forest_corner_2,
          infiniplex_forest_end_3, infiniplex_forest_clump_small,
          infiniplex_forest_clump_large, infiniplex_forest_lined_2,
          infiniplex_forest_end_3, dpeg_oklob_1

Skill      XL: |  1  2  3  4  5  6  7  8  9 10 11 12 13 |
---------------+----------------------------------------+-----
Axes           | 2 3 4 5 6 7 8 9 10 12 13 14 | 14.0
Dodging        | 1 2 3 |  3.1
Fighting       | 4 6 7 8 10 11 | 11.0
Armour         | 4 5 7 8 9 10 11 | 11.0
Throwing       | 1 2 3 |  3.2
Shields        | 4 5 6 11 | 11.5

Action                   |  1- 3 |  4- 6 |  7- 9 | 10-12 | 13-15 || total
-------------------------+-------+-------+-------+-------+-------++-------
Melee: War axe           |    90 |   129 |   218 |   340 |   186 ||   963
       Unarmed           |       |       |       |     4 |       ||     4
       Morningstar       |       |       |       |       |    24 ||    24
Throw: Boomerang         |       |    35 |    71 |    72 |    16 ||   194
       Javelin           |       |       |    17 |    64 |     1 ||    82
  Use: Scroll            |     3 |     7 |     9 |     5 |     2 ||    26
       Potion            |       |     2 |     5 |     2 |     1 ||    10
 Stab: Distracted        |       |       |     2 |     8 |     3 ||    13
Armor: Scale mail        |    37 |       |       |       |       ||    37
       Chain mail        |       |    66 |    11 |       |       ||    77
       Plate armour      |       |       |   156 |   124 |   111 ||   391
Dodge: Dodged            |    31 |    39 |    89 |   114 |    83 ||   356
Block: Buckler           |    16 |    21 |    48 |    48 |       ||   133
       Kite shield       |       |       |       |    61 |   125 ||   186

Table legend:
 A = Non-vault XP
 B = Vault XP
 C = Vault XP percentage of total XP
 D = Non-vault monster count
 E = Vault monster count
 F = Vault count percentage of total count
                 A         B        C        D         E       F
            +---------+---------+-------+---------+---------+-------
      Total |   30804 |   16816 |  35.3 |     293 |     136 |  31.7
            +---------+---------+-------+---------+---------+-------
        D:1 |      46 |       0 |   0.0 |      15 |       0 |   0.0
        D:2 |      39 |       0 |   0.0 |      18 |       0 |   0.0
        D:3 |     118 |      87 |  42.4 |      24 |       5 |  17.2
        D:4 |     266 |     219 |  45.2 |      32 |       7 |  17.9
        D:5 |     557 |     159 |  22.2 |      15 |       6 |  28.6
        D:6 |     620 |       0 |   0.0 |      22 |       0 |   0.0
        D:7 |    1079 |    1763 |  62.0 |      24 |      45 |  65.2
        D:8 |     927 |     641 |  40.9 |      23 |       1 |   4.2
        D:9 |    2153 |       0 |   0.0 |      22 |       0 |   0.0
       D:10 |     467 |    1755 |  79.0 |       8 |      14 |  63.6
       D:11 |    4252 |    2442 |  36.5 |      15 |       8 |  34.8
     Lair:1 |    5092 |       0 |   0.0 |      23 |       0 |   0.0
     Lair:2 |    7156 |    2453 |  25.5 |      26 |       9 |  25.7
     Lair:3 |    7783 |    5728 |  42.4 |      24 |      29 |  54.7
     Lair:4 |     249 |    1569 |  86.3 |       2 |      12 |  85.7
            +---------+---------+-------+---------+---------+-------
